 Dungeon Crawl Stone Soup version 0.20-a0-809-gaf7f668 (webtiles) character file.

28 Alarkh the Skirmisher (level 3, 29/29 HPs)
             Began as a Demonspawn Abyssal Knight on Mar 2, 2017.
             Was a Follower of Lugonu.
             Got out of the dungeon alive.
             The game lasted 00:01:03 (1401 turns).

Alarkh the Skirmisher (Demonspawn Abyssal Knight)   Turns: 1401, Time: 00:01:04

Health: 29/29      AC:  3    Str: 12    XL:     3   Next: 0%
Magic:  5/5        EV: 11    Int: 14    God:    Lugonu [*.....]
Gold:   35         SH:  4    Dex: 12    Spells: 2/2 levels left

rFire    . . .     SeeInvis .   a - +1 falchion
rCold    . . .     Gourm    .   b - +0 leather armour
rNeg     . . .     Faith    .   (no shield)
rPois    .         Spirit   .   (no helmet)
rElec    .         Reflect  .   (no cloak)
rCorr    .         Harm     .   (no gloves)
MR       .....                  (no boots)
Stlth    +.........             (no amulet)
Regen    0.1/turn               (no ring)
MPRegen  0.1/turn               (no ring)

@: no status effects
A: hooves 1, large bone plates 1
a: Depart the Abyss, Renounce Religion


You escaped.
You worshipped Lugonu.
Lugonu was aware of your devotion.
You were hungry.

You visited 1 branch of the dungeon, and saw 1 of its levels.
You visited the Abyss 1 time.

You collected 35 gold pieces.

Inventory:

Hand Weapons
 a - a +1 falchion (weapon)
Armour
 b - a +0 leather armour (worn)
Jewellery
 j - a cursed -2 ring of intelligence {unknown}
Scrolls
 e - a scroll of noise {unknown}
 g - a scroll of remove curse {unknown}
 h - a scroll of identify {unknown}
 i - a scroll of amnesia {unknown}
Comestibles
 c - 2 bread rations
 f - a royal jelly


   Skills:
 + Level 3.1 Fighting
 * Level 2.2 Long Blades
 + Level 2.3 Armour
 + Level 1.1 Dodging
 + Level 2.9 Invocations


You had 2 spell levels left.
You didn't know any spells.

Dungeon Overview and Level Annotations

Branches:
Dungeon (1/15)

Altars:


Innate Abilities, Weirdness & Mutations

You have large cloven feet.
You are partially covered in large bone plates. (SH +4)


Message History

You hit the kobold.
You kill the kobold!
Lugonu accepts your kill.
You have reached level 3!
Your experience leads to an increase in your attributes!
Increase (S)trength, (I)ntelligence, or (D)exterity?
You feel clever.
Your demonic ancestry asserts itself...
Your feet thicken and deform.
Some of the chunks of flesh in your inventory have rotted away.
All of the chunks of flesh in your inventory have rotted away.
Key pressed, stopping explore.
Things that are here:
a short sword; a kobold corpse
There is an open door here.
There is an open door here.
You are feeling hungry.
There is an open door here.
There is a staircase leading out of the dungeon here.
Are you sure you want to leave the Dungeon?
This will make you lose the game!
You have escaped!

.###....########.########....#..>
..##...## ###....)..### ##...)...
...#..## ##...........## ##......
...+..# ##....#####....## #......
...#..# #...#########...# #......
.....####..##.......##..####.....
.##..# #...#..##'##..#...# #.....
###..# #..## #...##.##..# #..#..
# ##.# #..##. #.@.##.##..# #..##+
####.# #..##.##...##.##..# #.###.
#....# #...#..#####..#...# #.###.
#.##.####..##.......##..####..##.
......# #...####.####...# #...#..
(.##..# ##....##'##....## #......
#.##..## ##...........## ##......
#.#....## ###.......### ##....##.
#.......#################.....##.


There were no monsters in sight!

Vanquished Creatures
  An ooze (D:1)
  A dart slug (D:1)
  2 leopard geckos (D:1)
  3 goblins (D:1)
  A hobgoblin (D:1)
  2 bats (D:1)
  2 frilled lizards (D:1)
  5 kobolds (D:1)
  6 rats (D:1)
23 creatures vanquished.

Notes
Turn   | Place    | Note
-------+----------+-------------------------------------------
     0 | Abyss:1  | Alarkh the Demonspawn Abyssal Knight began the quest for the Orb.
     0 | Abyss:1  | Reached XP level 1. HP: 18/18 MP: 2/2
    40 | Abyss:1  | Noticed a green ugly thing
    41 | Abyss:1  | Noticed a green very ugly thing
    70 | Abyss:1  | Noticed a profane servitor
    74 | Abyss:1  | Noticed a large abomination
    76 | D:1      | Escaped the Abyss
   150 | D:1      | Reached skill level 1 in Dodging
   449 | D:1      | Gained mutation: You are partially covered in large bone plates. (SH +4) [demonic ancestry]
   449 | D:1      | Reached XP level 2. HP: 22/24 MP: 4/4
   509 | D:1      | Reached * piety under Lugonu
  1173 | D:1      | Gained mutation: You have large cloven feet. [demonic ancestry]
  1173 | D:1      | Reached XP level 3. HP: 13/29 MP: 5/5
  1401 | D:$      | Got out of the dungeon alive.

Vault maps used:
D:1:      dpeg_arrival_concentric_ovals, serial_glass, glass_columns_a,
          glass_columns_b, glass_columns_c, glass_columns_a
Abyss:1:  abyss_greek_temple

Skill      XL: |  1  2 |
---------------+-------+-----
Dodging        | 1 |  1.1
Armour         | 2 |  2.3
Long Blades    | 2 |  2.2
Fighting       | |  3.1
Invocations    | |  2.9

Action                   || total
-------------------------++-------
Melee: Falchion          ||    56
Invok: Depart the Abyss  ||     1
 Stab: Sleeping          ||     1
  Eat: Chunk             ||     1
Armor: Leather armour    ||    15
Dodge: Dodged            ||    32
Block: Other             ||     3
       Rpst.: Falchion   ||    11
